 Dungeon Crawl Stone Soup version 0.30-a0-140-gd1020e658a (webtiles) character file.

Game seed: 1620855620391953588

158154 Belterius the Warrior (level 17, -2/172 HPs)
             Began as a Minotaur Fighter on Sept 24, 2022.
             Was the Champion of Okawaru.
             Slain by a rockslime (21 damage)
             ... created by the Royal Jelly
             ... on level 4 of the Pits of Slime on Sept 25, 2022.
             The game lasted 02:25:46 (28391 turns).

Belterius the Warrior (Minotaur Fighter)           Turns: 28391, Time: 02:25:48

Health: -2/172     AC: 42    Str: 29      XL:     17   Next: 13%
Magic:  0/22       EV:  5    Int:  6      God:    Okawaru [******]
Gold:   247        SH: 27    Dex: 11 (13) Spells: 16/16 levels left

rFire   x . .      SeeInvis .    v - +3 broad axe "Vyasadeh" {flame, Will++}
rCold   + . .      Faith    .    R - +4 tower shield
rNeg    + + .      Spirit   +    W - +8 orange crystal plate armour {Archmagi, Int+3 Clar}
rPois   +          Reflect  .    (helmet restricted)
rElec   .          Harm     .    (no cloak)
rCorr   .          Rampage  +    U - +2 pair of gloves {Str+3}
Will    +++..      Archmagi +    m - +3 pair of mountain boots {steadfast, rC+}
Stlth   .......... Clarity  +    H - amulet "Zabeih" {Spirit Rampage rPois rN++}
HPRegen 0.38/turn                i - +4 ring of slaying
MPRegen 0.18/turn                J - ring of the Tortoise {AC+8}

@: unable to read, unable to drink
A: horns 2, retaliatory headbutt, large bone plates 1, deformed body,
deterioration 2, dopey 1, screaming 1, heat vulnerability 1, subdued magic 1,
inability to drink after injury 1, inability to read after injury 1
a: Renounce Religion, Heroism, Finesse, Duel


You were on level 4 of the Pits of Slime.
You worshipped Okawaru.
Okawaru was exalted by your worship.
You visited 5 branches of the dungeon, and saw 27 of its levels.

You collected 3176 gold pieces.
You spent 2929 gold pieces at shops.

Inventory:

Hand Weapons
 c - the +5 sword of Power {vorpal}
   (You found it on level 13 of the Dungeon)

   It inflicts extra damage upon your enemies.
   It occasionally discharges a powerful but inaccurate bolt of energy upon
   striking a foe, with increased chance the greater the wielder's current
   health.
 v - the +3 broad axe "Vyasadeh" (weapon) {flame, Will++}
   (You found it on level 14 of the Dungeon)

   It burns those it strikes, dealing additional fire damage.
   Big, fiery blades are also staple armaments of hydra-hunters.
   Will:      It greatly increases your willpower.
 D - a +4 war axe of freezing
 P - the +11 longbow of True Grit {freeze, rF+}
   (Okawaru gifted it to you on level 5 of the Pits of Slime)

   Any ammunition fired from it freezes those it strikes, dealing additional
   cold damage.
   It can also slow down cold-blooded creatures.
   rF:        It protects you from fire.
Missiles
 a - 8 throwing nets
 C - 2 atropa-tipped darts (quivered)
Armour
 m - the +3 pair of mountain boots (worn) {steadfast, rC+}
   (Okawaru gifted it to you on level 1 of the Lair of Beasts)

   It prevents involuntary movement, except for blinking, teleportation, or
   banishment.
   rC:        It protects you from cold.
 F - the +1 plate armour of Qam Osu {Fly rF+ rN+ Str+2}
   (Okawaru gifted it to you on level 2 of the Orcish Mines)

   Str:       It affects your strength (+2).
   rF:        It protects you from fire.
   rN:        It protects you from negative energy.
   Fly:       It grants you flight.
 L - the +3 hat of Berr {rC- Str+9 Int+3}
   (Okawaru gifted it to you on level 3 of the Pits of Slime)

   Str:       It affects your strength (+9).
   Int:       It affects your intelligence (+3).
   rC:        It makes you vulnerable to cold.
 R - a +4 tower shield (worn)
 U - a +2 pair of gloves of strength (worn)
 W - the +8 orange crystal plate armour (worn) {Archmagi, Int+3 Clar}
   (Okawaru gifted it to you on level 13 of the Dungeon)

   Int:       It affects your intelligence (+3).
   Clar:      It protects you against confusion.
 X - the +7 chain mail "Ferod" {rF+ Str+3}
   (Okawaru gifted it to you on level 12 of the Dungeon)

   Str:       It affects your strength (+3).
   rF:        It protects you from fire.
Jewellery
 h - a ring of see invisible
 i - a +4 ring of slaying (left hand)
 p - a ring of willpower
 x - a ring of poison resistance
 y - an amulet of regeneration
 H - the amulet "Zabeih" (around neck) {Spirit Rampage rPois rN++}
   (You bought it in a shop on level 2 of the Orcish Mines)

   [amulet of guardian spirit]

   It causes incoming damage to be divided between your reserves of health and
   magic.
   rPois:     It protects you from poison.
   rN:        It greatly protects you from negative energy.
   Rampage:   It bestows one free step when moving towards enemies.
 J - the ring of the Tortoise (right hand) {AC+8}
   (You bought it in a shop on level 2 of the Orcish Mines)

   [ring of protection]

   AC:        It affects your AC (+8).
 Q - a ring of protection from cold
 Z - a +6 ring of strength
Wands
 b - a wand of mindburst (8)
 o - a wand of charming (14)
 s - a wand of quicksilver (7)
 E - a wand of roots (17)
 T - a wand of flame (20)
 Y - a wand of polymorph (6)
Scrolls
 q - 2 scrolls of poison
 r - 6 scrolls of fear
 w - 8 scrolls of teleportation
 A - 5 scrolls of identify
 G - a scroll of summoning
 I - 2 scrolls of enchant weapon
 K - 7 scrolls of fog
 M - a scroll of magic mapping
 N - a scroll of torment
 O - a scroll of brand weapon
Potions
 d - 4 potions of might
 e - 2 potions of resistance {unknown}
 f - 4 potions of brilliance
 g - 9 potions of attraction
 j - a potion of flight
 k - 3 potions of lignification
 l - a potion of berserk rage {unknown}
 n - 7 potions of curing
 t - 3 potions of haste
 u - 4 potions of ambrosia
 z - 4 potions of invisibility
 B - 4 potions of mutation
 S - a potion of magic
 V - 7 potions of cancellation


   Skills:
 + Level 20.6 Fighting
 - Level 18.0 Axes
 + Level 9.6 Throwing
 + Level 17.5 Armour
 + Level 17.6 Shields
 - Level 8.0 Invocations


You had 16 spell levels left.
You didn't know any spells.
Your spell library contained the following spells:

 Spells                   Type           Power      Damage    Failure   Level
 Necrotise                Necr           0%         1d4       100%        1
 Shock                    Conj/Air       0%         1d3       100%        1
 Slow                     Hex            0%         N/A       100%        1
 Blink                    Tloc           0%         N/A       100%        2
 Static Discharge         Conj/Air       0%         2-2/arc   100%        2
 Sublimation of Blood     Necr           0%         N/A       100%        2
 Wereblood                Tmut           0%         N/A       100%        2
 Confusing Touch          Hex            0%         N/A       100%        3
 Gell's Gravitas          Tloc           0%         N/A       100%        3
 Lesser Beckoning         Tloc           0%         N/A       100%        3
 Ozocubu's Armour         Ice            0%         N/A       100%        3
 Swiftness                Air            0%         N/A       100%        3
 Teleport Other           Tloc           0%         N/A       100%        3
 Vampiric Draining        Necr           0%         2d6       100%        3
 Airstrike                Air            0%         2d(0-16)  100%        4
 Dispel Undead            Necr           0%         3d6       100%        4
 Flame Wave               Conj/Fire      0%         2d4       100%        4
 Hailstorm                Conj/Ice       0%         3d3       100%        4
 Manifold Assault         Tloc           0%         N/A       100%        4
 Sticky Flame             Conj/Fire      0%         2d3       100%        4
 Agony                    Necr           0%         N/A       100%        5
 Arcjolt                  Conj/Air       0%         1d10      100%        5
 Lightning Bolt           Conj/Air       0%         1d11      100%        5
 Dispersal                Tloc           0%         N/A       100%        6
 Eringya's Noxious Bog    Tmut/Pois      0%         N/A       100%        6
 Storm Form               Tmut/Air       0%         N/A       100%        7
 Maxwell's Capacitive Co  Air            0%         ∞         100%        8
 Polar Vortex             Ice            0%         N/A       100%        9
 Summon Forest            Summ/Tloc      Unusable   N/A       N/A         5
 Summon Hydra             Summ           Unusable   N/A       N/A         7

Dungeon Overview and Level Annotations

Branches:
Dungeon (14/15)            Temple (1/1) D:6            Lair (5/5) D:9
  Swamp (0/4) Lair:3        Snake (0/4) Lair:3        Slime (5/5) Lair:5
    Orc (2/2) D:11            Elf (0/3) Orc:2        Vaults (0/5) D:14

Altars:
Dithmenos
Elyvilon
Fedhas
Hepliaklqana
Kikubaaqudgha
Makhleb
Nemelex Xobeh
Okawaru
Qazlal
Ru
Trog
Uskayaw
Vehumet
Xom
Zin
The Shining One
Jiyva

Shops:
D:5 =?[*   D:8 !   D:12 *   D:14 *   Orc:2 [*=*(

Annotations:
Slime:5 Royal Jelly


Innate Abilities, Weirdness & Mutations

You have a pair of horns on your head.
You reflexively headbutt those who attack you in melee.
You are partially covered in large bone plates. (SH +4)
Armour fits poorly on your strangely shaped body.
Your body often deteriorates upon taking damage.
You are dopey. (Int -2)
You occasionally shout uncontrollably at your foes.
You are vulnerable to heat. (rF-)
Your spells are a little easier to cast, but a little less powerful.
You occasionally lose the ability to drink potions when taking damage.
You occasionally lose the ability to read scrolls when taking damage.


Message History

You block the quicksilver ooze's attack. x2
The rockslime hits you but does no damage.
The quicksilver ooze hits you. The quicksilver ooze barely misses you.
You hit the rockslime but do no damage. You headbutt the rockslime.
The rockslime is heavily wounded.
You hit the quicksilver ooze. You burn the quicksilver ooze.
You hit the rockslime but do no damage. You slash the quicksilver ooze!
You burn the quicksilver ooze.
Your lungs strain for air!
You block the quicksilver ooze's attack. x2
The rockslime hits you!
You hold your ground!
The rockslime hits you!
* * * LOW HITPOINT WARNING * * *
Your boots keep you from being knocked back.
You hold your ground!
The quicksilver ooze barely misses you.
The quicksilver ooze hits you but does no damage.
You slip free of the ooze engulfing you.
The quicksilver ooze attacks as you move away!
You block the quicksilver ooze's attack.
The quicksilver ooze hits you but does no damage.
You gasp with relief as air once again reaches your lungs.
The quicksilver ooze hits you.
You block the quicksilver ooze's attack.
The rockslime hits you!
* * * LOW HITPOINT WARNING * * *
Your boots keep you from being knocked back.
You hold your ground!
You hit the rockslime. You headbutt the rockslime!
The rockslime is severely wounded.
You hit the quicksilver ooze. You burn the quicksilver ooze.
You hit the rockslime but do no damage. You slash the quicksilver ooze!
You burn the quicksilver ooze.
You block the quicksilver ooze's attack. x2
The rockslime hits you.
* * * LOW HITPOINT WARNING * * *
Your boots keep you from being knocked back.
You hold your ground!
The quicksilver ooze hits you!
* * * LOW HITPOINT WARNING * * *
The quicksilver ooze hits you but does no damage.
The rockslime hits you!!
You die...

.......#.#................### #
......###.....#.#.###.....#.# ##
.....#.#.....#.##.##.......# ##.
.##.##.#......###..####....####..
.#....#......##.#...##.#....#....
.##.##.#....###.....####...####..
..#####....####.............##...
.## ##..<.....JJJ...........#...
## #......#...@J...........#...
#.#....##.....#####.........
##......###...# ##.........
#.......##...####..........
#......####.##.......#.#...
#.......#...#..............
###..................#.....
##..............#........
#.#............##.......


You could see 2 rockslimes and 2 quicksilver oozes.

Vanquished Creatures
  11 acid blobs
  Gastronok (Lair:3)
  5 azure jellies
  A tengu reaver (D:13)
  6 rockslimes
  A frost giant (D:12)
  An orc warlord (Orc:2)
  6 quicksilver oozes
  Azrael (Orc:1)
  A yaktaur captain (D:13)
  2 great orbs of eyes
  Fannar (D:10)
  12 vault guards
  Harold (D:11)
  2 centaur warriors
  A catoblepas (Lair:2)
  4 hydras
  The ghost of Amnesiac the Covert, a journeyman SpDe of Gozag (Orc:2)
  12 two-headed ogres
  The ghost of gabibbone the Fighter, a novice BaIE of Cheibriados (D:9)
  7 boulder beetles
  A merfolk avatar (Lair:5)
  A dancing weapon (D:12)
  16 death yaks
  2 tengu warriors
  The ghost of Ucohosch the Destroyer, a journeyman DECj of Sif Muna (Lair:2)
  5 orc high priests (Orc:2)
  The ghost of btonasse the Slicer, a journeyman KoBr of Hepliaklqana (D:10)
  Urug (D:10)
  A fire crab (Lair:4)
  9 skeletal warriors
  A sea snake (Lair:4)
  2 flayed ghosts
  3 lindwurms (Lair:3)
  A harpy (Lair:5)
  A phantasmal warrior (D:13)
  Pikel (D:5)
  6 orc knights
  3 ugly things
  6 shining eyes
  A deep elf pyromancer (D:14)
  5 orc sorcerers (Orc:2)
  3 manticores
  7 cyclopes
  Joseph (D:8)
  4 black mambas
  A guardian serpent (shapeshifter) (D:13)
  An eye of devastation (Slime:4)
  10 cane toads
  3 gargoyles
  2 efreet (D:13)
  12 komodo dragons
  An unseen horror (D:13)
  5 kobold demonologists
  A freezing wraith (D:12)
  4 rime drakes
  2 tengu conjurers
  15 trolls
  A meliai (D:14)
  A queen bee (Lair:2)
  Prince Ribbit (D:6)
  2 hornets
  2 polar bears
  A wind drake (Lair:5)
  34 blink frogs
  81 slime creatures
  A snapping turtle (Lair:5)
  2 wraiths
  2 shadows (D:10)
  8 wyverns
  44 yaks
  7 golden eyes
  4 basilisks
  5 fire elementals
  4 steam dragons
  2 vampire mosquitoes (D:12)
  4 nagas (Lair:3)
  2 acid dragons
  4 wargs
  13 water moccasins
  A floating eye (Slime:4)
  3 hell hounds
  29 orc warriors
  2 black bears
  15 ogres
  10 centaurs
  3 wolves (D:9)
  8 kobold brigands
  Blork the orc (D:4)
  14 bullfrogs
  A necrophage (D:3)
  An earth elemental (D:14)
  6 scorpions
  15 wights
  16 killer bees
  5 howler monkeys (D:9)
  5 electric eels (D:9)
  A jelly (D:7)
  5 hounds
  A gnoll bouda (D:8)
  Crazy Yiuf (D:4)
  19 orc priests
  12 orc wizards
  3 gnolls (D:8)
  9 adders
  A white imp (D:8)
  2 worms (D:2)
  6 dart slugs
  87 orcs
  7 bats
  3 endoplasms
  A giant cockroach (D:4)
  7 goblins
  10 hobgoblins
  2 jackals (D:4)
  5 quokkas
  7 ball pythons
  2 frilled lizards
  14 kobolds
  7 rats
790 creatures vanquished.

Vanquished Creatures (others)
  A black bear (Lair:4)
  45 fungi
  75 plants
121 creatures vanquished.

Grand Total: 911 creatures vanquished

Notes
Turn   | Place    | Note
-------+----------+-------------------------------------------
     0 | D:1      | Belterius the Minotaur Fighter began the quest for the Orb.
     0 | D:1      | Reached XP level 1. HP: 19/19 MP: 0/0
   108 | D:1      | Reached XP level 2. HP: 27/27 MP: 1/1
   217 | D:1      | Found a faded altar of an unknown god.
   286 | D:1      | Reached XP level 3. HP: 33/33 MP: 2/2
   606 | D:1      | Reached skill level 4 in Fighting
  1065 | D:2      | Reached XP level 4. HP: 40/40 MP: 3/3
  1919 | D:3      | Noticed a necrophage
  1930 | D:3      | Killed a necrophage
  1931 | D:3      | Reached XP level 5. HP: 43/47 MP: 4/4
  2458 | D:4      | Noticed an ogre
  2464 | D:4      | Killed an ogre
  2464 | D:4      | Noticed a water moccasin
  2465 | D:4      | Reached skill level 5 in Axes
  2471 | D:4      | Killed a water moccasin
  2472 | D:4      | Reached skill level 5 in Fighting
  2472 | D:4      | Reached skill level 5 in Armour
  2472 | D:4      | Reached skill level 5 in Shields
  2472 | D:4      | Reached XP level 6. HP: 56/56 MP: 5/5
  2763 | D:4      | Found a runed translucent door.
  2764 | D:4      | Noticed Crazy Yiuf
  2887 | D:4      | Reached XP level 7. HP: 61/61 MP: 6/6
  2914 | D:4      | Noticed Blork the orc
  2921 | D:4      | Killed Blork the orc
  3099 | D:4      | Killed Crazy Yiuf
  3186 | D:5      | Entered Level 5 of the Dungeon
  3467 | D:5      | Noticed Pikel
  3483 | D:5      | Killed Pikel
  3484 | D:5      | Reached skill level 6 in Fighting
  3484 | D:5      | Reached XP level 8. HP: 18/71 MP: 7/7
  3716 | D:5      | Found Iginon's Armour Emporium.
  3719 | D:5      | Found Siwiwox's Jewellery Emporium.
  3720 | D:5      | Found Lorufoen's Magic Scroll Emporium.
  3751 | D:5      | Found Cemoika's General Store.
  4096 | D:6      | Reached skill level 7 in Fighting
  4209 | D:6      | Found a burning altar of Makhleb.
  4252 | D:6      | Noticed Prince Ribbit
  4256 | D:6      | Killed Prince Ribbit
  4271 | D:6      | Reached XP level 9. HP: 79/79 MP: 8/8
  4522 | D:6      | Noticed a troll
  4541 | D:6      | Killed a troll
  4629 | D:6      | Found a staircase to the Ecumenical Temple.
  4635 | Temple   | Entered the Ecumenical Temple
  4643 | Temple   | Became a worshipper of Warmaster Okawaru
  4782 | D:6      | Reached skill level 10 in Axes
  5263 | D:7      | Reached skill level 8 in Fighting
  5364 | D:7      | Found a hazy altar of Hepliaklqana.
  5406 | D:7      | Reached * piety under Okawaru
  5588 | D:7      | Found a sacrificial altar of Ru.
  5589 | D:7      | Found a sparkling altar of Nemelex Xobeh.
  5669 | D:7      | Paralysed by a hornet for 2 turns
  5761 | D:7      | Found a hide-covered altar of Uskayaw.
  6046 | D:8      | Found Fiukkuzu's Distillery.
  6086 | D:8      | Reached skill level 1 in Invocations
  6145 | D:8      | Noticed Joseph
  6183 | D:8      | Killed Joseph
  6183 | D:8      | Reached ** piety under Okawaru
  6184 | D:8      | Reached XP level 10. HP: 90/90 MP: 8/10
  6416 | D:8      | Found a glowing silver altar of Zin.
  6513 | D:8      | Found the +7 Throatcutter {drain, coup de grace}
  6515 | D:8      | Noticed a sun demon
  6519 | D:8      | Noticed a rust devil
  6523 | D:8      | Noticed a sixfirhy
  6532 | D:8      | Noticed an orange demon
  6535 | D:8      | Noticed an orange demon
  6540 | D:8      | Noticed a sixfirhy
  6555 | D:8      | Noticed a smoke demon
  6791 | D:8      | Reached skill level 9 in Fighting
  6838 | D:8      | Reached *** piety under Okawaru
  7090 | D:9      | Found a transporter.
  7092 | D:9      | Found a transporter.
  7092 | D:9      | Noticed gabibbone's ghost (novice BaIE)
  7219 | D:9      | Found a shimmering altar of Xom.
  7406 | D:9      | Reached **** piety under Okawaru
  7494 | D:9      | Found a staircase to the Lair.
  7663 | D:9      | Reached XP level 11. HP: 97/97 MP: 12/12
  7856 | D:9      | Found a glowing golden altar of the Shining One.
  7983 | D:10     | Entered Level 10 of the Dungeon
  8073 | D:10     | Found a runed translucent door.
  8073 | D:10     | Noticed btonasse's ghost (journeyman KoBr)
  8182 | D:10     | Noticed Urug
  8187 | D:10     | Killed Urug
  8187 | D:10     | Reached ***** piety under Okawaru
  8188 | D:10     | Reached skill level 10 in Fighting
  8210 | D:10     | Reached skill level 10 in Armour
  8226 | D:10     | Noticed Fannar
  8264 | D:10     | Killed Fannar
  8265 | D:10     | Reached skill level 10 in Shields
  8363 | D:10     | Identified the +0 scale mail "Rihoozepn" {Rampage +Inv rC+}
                  | (Okawaru gifted it to you on level 10 of the Dungeon)
  8363 | D:10     | Received a gift from Okawaru
  8619 | D:10     | Killed btonasse's ghost
  8811 | D:11     | Reached skill level 5 in Invocations
  8864 | D:11     | Noticed a brown ugly thing
  8872 | D:11     | Killed a brown ugly thing
  8986 | D:11     | Noticed Harold
  8999 | D:11     | Killed Harold
  9000 | D:11     | Reached skill level 1 in Throwing
  9135 | D:11     | Noticed a boulder beetle
  9147 | D:11     | Killed a boulder beetle
  9703 | D:11     | Reached XP level 12. HP: 108/108 MP: 14/14
  9717 | D:11     | Noticed a boulder beetle
  9751 | D:11     | Killed a boulder beetle
  9804 | D:11     | Found a staircase to the Orcish Mines.
  9971 | D:5      | Bought a scroll of acquirement for 676 gold pieces
  9971 | D:5      | Bought a scroll of enchant weapon for 97 gold pieces
  9971 | D:5      | Acquired 915 gold pieces
 10082 | Lair:1   | Entered Level 1 of the Lair of Beasts
 10157 | Lair:1   | Reached skill level 11 in Fighting
 10233 | Lair:1   | Noticed an eight-headed hydra
 10248 | Lair:1   | Killed a nine-headed hydra
 10338 | Lair:1   | Reached skill level 15 in Axes
 10404 | Lair:1   | Received a gift from Okawaru
 10404 | Lair:1   | Found the +3 pair of mountain boots {steadfast, rC+}
 10514 | Lair:1   | Identified the +2 falchion "Ucluphuxt" {pain, Will+ Int+2}
 10924 | Lair:2   | Noticed a boulder beetle
 10937 | Lair:2   | Killed a boulder beetle
 11064 | Lair:2   | Found a transporter.
 11107 | Lair:2   | Noticed a six-headed hydra
 11120 | Lair:2   | Killed an 11-headed hydra
 11261 | Lair:2   | Reached ****** piety under Okawaru
 11403 | Lair:2   | Noticed a catoblepas
 11437 | Lair:2   | Killed a catoblepas
 11542 | Lair:2   | Found a transporter.
 11559 | Lair:2   | Noticed Ucohosch's ghost (journeyman DECj)
 11732 | Lair:2   | Killed Ucohosch's ghost
 11744 | Lair:2   | Reached XP level 13. HP: 113/117 MP: 12/15
 11929 | D:9      | Killed gabibbone's ghost
 12168 | Lair:3   | Reached skill level 12 in Fighting
 12168 | Lair:3   | Reached skill level 5 in Throwing
 12205 | Lair:3   | Found a staircase to the Snake Pit.
 12518 | Lair:3   | Identified the +2 pair of boots "Matymosa" {Will+ Int+3}
                  | (Okawaru gifted it to you on level 3 of the Lair of Beasts)
 12518 | Lair:3   | Received a gift from Okawaru
 12630 | Lair:3   | Identified the +10 spear of Pufih {elec, *Corrode Str+6}
 12849 | Lair:3   | Noticed Gastronok
 12868 | Lair:3   | Killed Gastronok
 12891 | Lair:3   | Found a staircase to the Swamp.
 14378 | Lair:5   | Entered Level 5 of the Lair of Beasts
 14600 | Lair:5   | Received a gift from Okawaru
 14739 | Lair:5   | Received a gift from Okawaru
 14740 | Lair:5   | Reached skill level 13 in Fighting
 14740 | Lair:5   | Reached XP level 14. HP: 129/129 MP: 17/17
 14882 | Lair:5   | Found a viscous altar of Jiyva.
 14882 | Lair:5   | Found a staircase to the Slime Pits.
 15329 | Lair:5   | Got the Omnibus of Frigid Pyromania
 15339 | Lair:5   | Identified the +7 rapier "Syuqar" {flame, rPois rCorr
                  | Dex-5}
 15923 | Lair:5   | Reached skill level 14 in Fighting
 16830 | D:12     | Noticed a frost giant
 16874 | D:12     | Killed a frost giant
 16874 | D:12     | Identified the +7 chain mail "Ferod" {rF+ Str+3} (Okawaru
                  | gifted it to you on level 12 of the Dungeon)
 16874 | D:12     | Received a gift from Okawaru
 17082 | D:12     | Reached skill level 15 in Fighting
 17174 | D:12     | Found a runed translucent door.
 17334 | D:12     | Found Hiexuh's General Store.
 17780 | D:12     | Reached XP level 15. HP: 129/143 MP: 20/20
 18068 | D:13     | Reached skill level 16 in Fighting
 18396 | D:13     | Received a gift from Okawaru
 18396 | D:13     | Found the +8 orange crystal plate armour {Archmagi, Int+3
                  | Clar}
 18426 | D:13     | Noticed a tengu reaver
 18430 | D:13     | Reached skill level 15 in Shields
 18596 | D:13     | Killed a tengu reaver
 18597 | D:13     | Reached skill level 15 in Armour
 18669 | D:13     | Reached skill level 17 in Fighting
 19214 | D:13     | Found the +5 sword of Power {vorpal}
 19679 | D:14     | Found Qodgh's Pet Rocks.
 19937 | D:14     | Identified the +3 broad axe "Vyasadeh" {flame, Will++}
 20189 | D:14     | Found a gate to the Vaults.
 20406 | D:14     | Received a gift from Okawaru
 20461 | D:14     | Reached skill level 18 in Fighting
 20752 | Orc:1    | Entered Level 1 of the Orcish Mines
 21088 | Orc:2    | Entered Level 2 of the Orcish Mines
 21088 | Orc:2    | Found a runed translucent door.
 21130 | Orc:2    | Noticed Azrael
 21177 | Orc:1    | Killed Azrael
 21240 | Orc:2    | Identified the +1 plate armour of Qam Osu {Fly rF+ rN+
                  | Str+2} (Okawaru gifted it to you on level 2 of the Orcish
                  | Mines)
 21240 | Orc:2    | Received a gift from Okawaru
 21254 | Orc:2    | Found Hegileh's Jewellery Shoppe.
 21299 | Orc:2    | Found Xarph's Antique Armour Shoppe.
 21487 | Orc:2    | Found Imok's Antique Weapon Shop.
 21498 | Orc:2    | Reached XP level 16. HP: 148/159 MP: 21/21
 21622 | Orc:2    | Found Boinn's General Store.
 21835 | Orc:2    | Found Ebufuog's Assorted Antiques.
 21844 | Orc:2    | Found a staircase to the Elven Halls.
 22144 | Orc:2    | Noticed Amnesiac's ghost (journeyman SpDe)
 22158 | Orc:2    | Killed Amnesiac's ghost
 22198 | Orc:2    | Bought the amulet "Zabeih" {Spirit Rampage rPois rN++} for
                  | 620 gold pieces
 22198 | Orc:2    | Bought the ring of the Tortoise {AC+8} for 1536 gold pieces
 22198 | Orc:2    | Found the ring of the Tortoise {AC+8}
 22467 | Slime:1  | Entered Level 1 of the Pits of Slime
 22495 | Slime:1  | Noticed an acid blob
 22510 | Slime:1  | Killed an acid blob
 22511 | Slime:1  | Reached skill level 19 in Fighting
 23004 | Slime:1  | Noticed an acid blob
 23144 | Slime:1  | Killed an acid blob
 23144 | Slime:1  | Received a gift from Okawaru
 23150 | Slime:1  | Gained mutation: You occasionally lose the ability to drink
                  | potions when taking damage. [a shining eye]
 24631 | Slime:2  | Gained mutation: Your body sometimes deteriorates upon
                  | taking damage. [a shining eye]
 24632 | Slime:2  | Gained mutation: Your body often deteriorates upon taking
                  | damage. [a shining eye]
 24848 | Slime:3  | Noticed an acid blob
 24859 | Slime:2  | Received a gift from Okawaru
 25139 | Slime:3  | Killed an acid blob
 25383 | Slime:3  | Identified the +3 hat of Berr {rC- Str+9 Int+3} (Okawaru
                  | gifted it to you on level 3 of the Pits of Slime)
 25383 | Slime:3  | Received a gift from Okawaru
 25602 | Slime:4  | Reached skill level 20 in Fighting
 25874 | Slime:4  | Noticed an acid blob
 25881 | Slime:4  | Killed an acid blob
 26350 | Slime:4  | Noticed an acid blob
 26361 | Slime:4  | Gained mutation: You are partially covered in large bone
                  | plates. (SH +4) [a shining eye]
 26363 | Slime:4  | Killed an acid blob
 26497 | Slime:4  | Noticed an acid blob
 26508 | Slime:4  | Killed an acid blob
 26612 | Slime:4  | Noticed an acid blob
 26628 | Slime:4  | Killed an acid blob
 26966 | Slime:5  | Entered Level 5 of the Pits of Slime
 26973 | Slime:5  | Noticed an acid blob
 26978 | Slime:5  | Noticed an acid blob
 26981 | Slime:5  | Killed an acid blob
 27157 | Slime:4  | Killed an acid blob
 27194 | Slime:5  | Gained mutation: You are dopey. (Int -2) [a shining eye]
 27433 | Slime:5  | Gained mutation: Your spells are a little easier to cast,
                  | but a little less powerful. [a shining eye]
 27440 | Slime:5  | Gained mutation: You occasionally shout uncontrollably at
                  | your foes. [a shining eye]
 27441 | Slime:5  | Reached XP level 17. HP: 171/171 MP: 22/22
 27441 | Slime:5  | Gained mutation: Armour fits poorly on your strangely
                  | shaped body. [a shining eye]
 27443 | Slime:5  | Gained mutation: You are vulnerable to heat. (rF-) [a
                  | shining eye]
 27444 | Slime:5  | Gained mutation: You occasionally lose the ability to read
                  | scrolls when taking damage. [a shining eye]
 27538 | Slime:5  | Noticed an acid blob
 27558 | Slime:5  | Noticed an acid blob
 27565 | Slime:5  | Killed an acid blob
 27595 | Slime:5  | HP: 5/172 [acid blob/splash of acid (22)]
 28194 | Slime:5  | Killed an acid blob
 28194 | Slime:5  | Identified the +11 longbow of True Grit {freeze, rF+}
                  | (Okawaru gifted it to you on level 5 of the Pits of Slime)
 28194 | Slime:5  | Received a gift from Okawaru
 28218 | Slime:5  | Noticed the Royal Jelly
 28227 | Slime:5  | Noticed an acid blob
 28229 | Slime:5  | Noticed an acid blob
 28231 | Slime:5  | Noticed an acid blob
 28231 | Slime:5  | Noticed an acid blob
 28391 | Slime:4  | Slain by a rockslime

Illustrated notes

Levels and vault maps discovered:
D:1:      dpeg_arrival_morbid_curiosity, layout_basic,
          ebering_ecumenical_altar_abandoned, st_stairs_6
D:2:      cheibrodos_helix_gallery, layout_basic
D:3:      layout_basic
D:4:      layout_loops_ring, uniq_crazy_yiuf_cottage, uniq_blork_the_orc
D:5:      layout_basic, minmay_shop_grid_forest, uniq_pikel
D:6:      layout_basic, lemuel_tele_altar, minmay_temple_entry_hall,
          serial_glass, glass_columns_b, glass_columns_a, glass_columns_a,
          glass_columns_b, uniq_prince_ribbit1
D:7:      layout_loops_corners, eat_drink_and_be_merry_uskayaw,
          nicolae_hepliaklqana_hippocampus, mainiacjoe_overflow_divided_tiny
D:8:      layout_rooms, lemuel_doored_altar, nicolae_stop_n_shop_2,
          dilly_guarded_unrand_throatcut, uniq_joseph
D:9:      layout_roguey, mainiacjoe_overflow_alcove_1, amcnicky_altar_gilded,
          erik_lair_island, gammafunk_ghost_arena, serial_bayou_pond_c
D:10:     layout_cave_pools, hellmonk_ghost_happy_afterlife, uniq_urug,
          uniq_fannar
D:11:     layout_roguey [special_room_orc], david_orc_4, minmay_misc_feat_tower,
          minmay_increasing_density, uniq_harold
D:12:     cheibrodos_monumental, layout_irregular_city, serial_shops, shop,
          minmay_hidden_floor
D:13:     minmay_guarded_unrand_sword_of_power, layout_loops_corners,
          moated_statue
D:14:     layout_loops_corners, lightli_vaults_fourway_checkpoint,
          guppyfry_shop_earth
Temple:   eino_temple_lava
Lair:1:   layout_misc_corridors, gauntlet_entry_generic
Lair:2:   layout_roguey, gammafunk_ghost_hive, grunt_megastairs_4
Lair:3:   layout_regular_city, swamp_mist_pool,
          minmay_snake_entry_guardpost_small, nicolae_lair_lindhole,
          uniq_gastronok
Lair:4:   layout_concentric_octagons
Lair:5:   gammafunk_lair_ancient_temple, layout_layer_cave,
          dpeg_slime_entry_corner
Slime:1:  layout_caves
Slime:2:  layout_caves
Slime:3:  layout_caves
Slime:4:  layout_caves, nicolae_slime_round_cave
Slime:5
Orc:1:    layout_caves
Orc:2:    grunt_orc_gardens, layout_caves, grunt_orc_garden, grunt_orc_garden,
          grunt_orc_garden, grunt_orc_garden, serial_shops, nicolae_shop_trees,
          nicolae_volcano_entry_s_turn, ebering_ghost_reflecting_pool,
          uniq_azrael

Skill      XL: |  1  2  3  4  5  6  7  8  9 10 11 12 13 14 15 16 |
---------------+-------------------------------------------------+-----
Axes           | 3 4 5 6 8 9 11 12 14 16 17 18 | 18.0
Armour         | 4 5 6 7 8 9 10 11 12 14 16 17 | 17.5
Fighting       | 4 5 6 7 8 9 10 11 13 15 18 20 | 20.6
Shields        | 4 5 6 7 8 9 10 11 12 14 16 17 | 17.6
Invocations    | 1 3 5 6 8 |  8.0
Throwing       | 2 4 5 7 9 |  9.6

Action                   |  1- 3 |  4- 6 |  7- 9 | 10-12 | 13-15 | 16-18 || total
-------------------------+-------+-------+-------+-------+-------+-------++-------
Melee: War axe           |    61 |    61 |   177 |   527 |   770 |       ||  1596
       Headbutt          |     7 |     8 |    26 |   102 |   267 |   127 ||   537
       Broad axe         |       |       |       |       |   189 |   376 ||   565
Throw: Stone             |       |     3 |     1 |       |    14 |       ||    18
       Javelin           |       |       |       |       |     1 |     2 ||     3
       Dart              |       |       |       |       |       |     4 ||     4
Invok: Heroism           |       |       |       |     7 |    10 |     9 ||    26
       Finesse           |       |       |       |       |     2 |     1 ||     3
  Use: Scroll            |       |    10 |     2 |    10 |    13 |     1 ||    36
       Potion            |       |     1 |       |     8 |     4 |     1 ||    14
Armor: Scale mail        |    34 |    10 |       |       |       |       ||    44
       Plate armour      |       |     8 |    62 |   246 |   217 |       ||   533
       Chain mail        |       |       |       |       |    78 |       ||    78
       Crystal plate arm |       |       |       |       |   111 |   210 ||   321
Dodge: Dodged            |    29 |    18 |    42 |   146 |   175 |    46 ||   456
Block: Buckler           |    12 |     8 |    32 |   136 |   194 |       ||   382
       Tower shield      |       |       |       |       |   284 |   376 ||   660

Table legend: (Time is in decaauts)
 A = Elapsed time spent in this place.
 B = Non-inter-level travel time spent in this place.
 C = Inter-level travel time spent in this place.
 D = Time resting spent in this place.
 E = Time spent auto-exploring this place.
 F = Levels seen in this place.
 G = Mean time per level.
                   A        B        C        D        E       F      G
               +--------+--------+--------+--------+--------+-----+--------+
         Total |  28191 |  26081 |   2110 |   4742 |  15705 |  27 | 1044.1 |
       Dungeon |  14801 |  13231 |   1570 |   1054 |   8899 |  14 | 1057.2 |
        Temple |     16 |     16 |      0 |      0 |      0 |   1 |   16.0 |
          Lair |   6092 |   5658 |    434 |   1014 |   3352 |   5 | 1218.4 |
    Slime Pits |   5866 |   5800 |     66 |   2597 |   2496 |   5 | 1173.2 |
  Orcish Mines |   1414 |   1375 |     39 |     77 |    958 |   2 |  707.0 |
               +--------+--------+--------+--------+--------+-----+--------+

Top non-repeatable levels by time:
 Slime:4: 2182 daAuts
 Slime:1: 1858 daAuts
  Lair:5: 1818 daAuts
    D:13: 1463 daAuts
  Lair:3: 1443 daAuts
    D:11: 1422 daAuts
     D:9: 1212 daAuts
    D:12: 1207 daAuts
     D:7: 1203 daAuts
    D:14: 1190 daAuts
  Lair:2: 1148 daAuts
     D:5: 1093 daAuts
   Orc:2: 1046 daAuts
     D:8: 1040 daAuts
     D:6: 944 daAuts
